[Event "Paris FIDE GP"]
[Site "Elancourt"]
[Date "2013.10.03"]
[Round "10"]
[White "Fressinet, Laurent"]
[Black "Bacrot, Etienne"]
[Result "0-1"]
[ECO "E97"]
[WhiteElo "2708"]
[BlackElo "2723"]
[Annotator "ChessBase Website"]
[PlyCount "48"]
[EventDate "2013.09.22"]
[EventType "tourn"]
[EventRounds "11"]
[EventCountry "FRA"]
[EventCategory "20"]
[SourceTitle "CBM 157"]
[Source "ChessBase"]
[SourceDate "2013.11.12"]
[SourceVersion "1"]
[SourceVersionDate "2013.11.12"]
[SourceQuality "1"]
[TimeControl "40/7200:20/3600:900+30"]
[WhiteClock "2:00:00"]
[BlackClock "2:00:00"]

1. d4 Nf6 2. c4 g6 3. Nc3 Bg7 4. e4 d6 5. Be2 O-O 6. Nf3 e5 7. O-O Nc6 8. d5 Ne7 9. b4 Nh5 10. Re1 f5 11. Ng5 Nf6 12. Bf3 h6 13. Ne6 Bxe6 14. dxe6 c6 15.
exf5 $6 (15. Be3) (15. b5 $142 fxe4
16. Nxe4 Nxe4 17. Bxe4 d5 18. cxd5 cxd5 19. Ba3 dxe4 20. Qxd8
Rfxd8 21. Bxe7 Re8 22. Bc5 $14 ) 15... gxf5 16.
Bb2 $6 (16. b5 $142 e4 17. Be2 Ne8 18. Bb2 Nc7 {Fressinet})
16... e4 17. Be2 (17. Bh5 $142 $5 {Bacrot}
Nxh5 18. Qxh5 Qe8) 17... Ng6 18. b5 Qe7 19. bxc6 bxc6 20. Rb1 Qxe6 $17 21. Bf1 Rab8 22. c5 $2 {[%emt 0:09:00] The French duel resulted in
a strangely one-sided game as Fressinet basically collapsed out of the opening.
He made a couple of strange decisions, but the truly bad ones started with 22.
c5? after which some simple moves left White down two pawns and in the
receiving end of a deadly attack.} Ng4 23. Qc2 Qe5 24. g3 Qxc5 0-1